 Dungeon Sprint DCSS version 0.19.1-1-g22dce08 (webtiles) character file.

3095 snakesoliden the Brawler (level 9, -3/120 HPs)
             Began as a Troll Monk on Dec 28, 2016.
             Was the Champion of Zin.
             Slain by a demonic crawler (10 damage)
             ... in the Dungeon (Sprint I: "Red Sonja").
             The game lasted 00:06:51 (422 turns).

snakesoliden the Brawler (Troll Monk)                Turns: 422, Time: 00:06:51

Health: -3/120     AC:  5    Str: 27    XL:     9   Next: 59%
Magic:  9/9        EV: 10    Int:  6    God:    Zin [******]
Gold:   510        SH:  0    Dex: 14    Spells: 0 memorised, 8 levels left

rFire  . . .     SeeInvis .       - Unarmed
rCold  . . .     Gourm    +     a - +0 robe
rNeg   . . .     Faith    .     (no shield)
rPois  .         Spirit   .     (helmet restricted)
rElec  .         Reflect  .     (no cloak)
rCorr  .         Harm     .     (gloves unavailable)
MR     .....     NoTele   +     (boots unavailable)
Stlth  ..........               (no amulet)
                                (no ring)
                                (no ring)

@: berserking, short of breath, very quick
A: unfitting armour, claws 3, fast metabolism 3, gourmand, regeneration 1,
shaggy fur 1, tough skin 2
a: Recite, Vitalisation, Imprison, Sanctuary, Donate Gold, Cure All Mutations,
Renounce Religion


You were in the Dungeon.
You worshipped Zin.
Zin was exalted by your worship.
You were hungry.

You visited 1 branch You collected 647 gold pieces.
You spent 108 gold pieces at shops.
You donated 29 gold pieces to Zin.

Inventory:

Hand Weapons
 l - a +0 blowgun
 p - a +1 short sword of venom
Missiles
 m - 9 curare-tipped needles
Armour
 a - a +0 robe (worn)
Wands
 o - a wand of random effects (21/48)
Scrolls
 h - a scroll of blinking
 i - a scroll of immolation {unknown}
 n - a scroll of enchant armour {unknown}
Potions
 c - a potion of curing
 d - a potion of heal wounds
 e - a potion of haste
 f - 2 potions of magic
Comestibles
 b - 2 bread rations
 j - 3 slices of pizza
 k - 3 beef jerkies


   Skills:
 - Level 2.4 Fighting
 - Level 2.4 Dodging
 - Level 1.0 Stealth
 * Level 20.2 Unarmed Combat
 + Level 2.5 Invocations


You had 8 spell levels left.
You didn't know any spells.

Dungeon Overview and Level Annotations

Branches:
Dungeon (1/1)

Altars:
Cheibriados
Dithmenos
Elyvilon
Fedhas
Gozag
Hepliaklqana
Kikubaaqudgha
Makhleb
Nemelex Xobeh
Okawaru
Qazlal
Ru
Sif Muna
Trog
Uskayaw
Vehumet
Xom
Yredelemnul
Zin
The Shining One
Jiyva
Lugonu

Shops:
D *%[


Innate Abilities, Weirdness & Mutations

You are too large for most types of armour.
You have claws for hands.
Your metabolism is lightning-fast.
You like to eat raw meat.
Your natural rate of healing is unusually fast.
You are covered in fur. (AC +1)
You have very tough skin. (AC +2)


Message History

You mangle the demonic crawler!!
You kill the demonic crawler!
You scratch the demonic crawler.
The demonic crawler is lightly wounded.
The demonic crawler stops glowing.
You mangle the demonic crawler!!
The demonic crawler is moderately wounded.
The demonic crawler hits you!
* * * LOW HITPOINT WARNING * * *
The demonic crawler hits you.
* * * LOW HITPOINT WARNING * * *
The demonic crawler completely misses you.
You eviscerate the demonic crawler!!!
You kill the demonic crawler!
Your Unarmed Combat skill increases to level 20!
You claw the demonic crawler! You claw the demonic crawler!!
The demonic crawler is heavily wounded.
The demonic crawler hits you but does no damage.
The demonic crawler hits you!
You die...

##################
.#.)'..#__#..')..#
)'..#..'..'..#).@#
'#####'#__####..†s..#
.#...#[#### #####..+
##..##.# +## _##'#..+
..'..._#
_##_.#'##+###
_###'#[#...)###
####.####'###[##


You could see a demonic crawler.

Vanquished Creatures
  Sonja (D)
  A deep troll (D)
  2 kobold demonologists (D)
  3 demonic crawlers (D)
  A slime creature (D)
  A yak (D)
  Sigmund (D)
  A floating eye (D)
  An ogre (D)
  A jelly (D)
  Ijyb (D)
14 creatures vanquished.

Notes
Turn   | Place    | Note
-------+----------+-------------------------------------------
     0 | D        | snakesoliden the Troll Monk began the quest for the Orb.
     0 | D        | Reached XP level 1. HP: 22/22 MP: 0/0
     2 | D        | Noticed Ijyb
    15 | D        | Killed Ijyb
    15 | D        | Reached skill level 6 in Unarmed Combat
    15 | D        | Reached XP level 2. HP: 26/29 MP: 1/1
    19 | D        | Noticed an ogre
    24 | D        | Killed an ogre
    24 | D        | Reached skill level 9 in Unarmed Combat
    24 | D        | Reached XP level 3. HP: 36/36 MP: 2/2
    24 | D        | Reached XP level 4. HP: 44/44 MP: 3/3
    32 | D        | Noticed Sigmund
    38 | D        | Killed Sigmund
    38 | D        | Reached skill level 12 in Unarmed Combat
    38 | D        | Reached XP level 5. HP: 41/50 MP: 4/4
    50 | D        | Found a deep blue altar of Sif Muna.
    52 | D        | Found a radiant altar of Vehumet.
    57 | D        | Reached XP level 6. HP: 54/59 MP: 5/5
    79 | D        | Found Fucecem's Food Emporium.
    79 | D        | Found an ancient bone altar of Kikubaaqudgha.
    79 | D        | Found a hazy altar of Hepliaklqana.
    79 | D        | Found a hide-covered altar of Uskayaw.
    79 | D        | Found a basalt altar of Yredelemnul.
    79 | D        | Found an opulent altar of Gozag.
    79 | D        | Found a snail-covered altar of Cheibriados.
    79 | D        | Found a sacrificial altar of Ru.
    79 | D        | Found a shadowy altar of Dithmenos.
    79 | D        | Noticed a yak
    89 | D        | Killed a yak
    89 | D        | Reached skill level 14 in Unarmed Combat
    90 | D        | Found a stormy altar of Qazlal.
    90 | D        | Found a blossoming altar of Fedhas.
    90 | D        | Found a bloodstained altar of Trog.
    90 | D        | Found an iron altar of Okawaru.
    90 | D        | Found a glowing golden altar of the Shining One.
    90 | D        | Found a glowing silver altar of Zin.
    90 | D        | Found a white marble altar of Elyvilon.
   132 | D        | Found a sparkling altar of Nemelex Xobeh.
   146 | D        | Became a worshipper of Zin the Law-Giver
   146 | D        | Reached * piety under Zin
   146 | D        | Reached ** piety under Zin
   146 | D        | Reached *** piety under Zin
   146 | D        | Reached **** piety under Zin
   146 | D        | Reached ***** piety under Zin
   146 | D        | Reached ****** piety under Zin
   149 | D        | Bought a slice of pizza for 18 gold pieces
   149 | D        | Bought a slice of pizza for 18 gold pieces
   149 | D        | Bought a beef jerky for 18 gold pieces
   149 | D        | Bought a beef jerky for 18 gold pieces
   149 | D        | Bought a slice of pizza for 18 gold pieces
   149 | D        | Bought a beef jerky for 18 gold pieces
   154 | D        | Noticed Sonja
   165 | D        | Killed Sonja
   165 | D        | Reached skill level 16 in Unarmed Combat
   165 | D        | Reached skill level 1 in Invocations
   165 | D        | Reached XP level 7. HP: 31/66 MP: 3/6
   165 | D        | Reached XP level 8. HP: 34/74 MP: 3/7
   229 | D        | Found Soban's General Store.
   249 | D        | Noticed a deep troll
   255 | D        | Killed a deep troll
   255 | D        | Reached skill level 17 in Unarmed Combat
   278 | D        | Found Rumed's Armour Emporium.
   314 | D        | Found a viscous altar of Jiyva.
   314 | D        | Found a corrupted altar of Lugonu.
   314 | D        | Noticed a slime creature
   315 | D        | Found a burning altar of Makhleb.
   315 | D        | Found a shimmering altar of Xom.
   322 | D        | Killed a slime creature
   322 | D        | Reached skill level 18 in Unarmed Combat
   375 | D        | Noticed a kobold demonologist
   376 | D        | Noticed a kobold demonologist
   379 | D        | Paralysed by a floating eye for 4 turns
   385 | D        | Killed a kobold demonologist
   385 | D        | Reached XP level 9. HP: 75/80 MP: 9/9
   390 | D        | Paralysed by a floating eye for 2 turns
   392 | D        | Noticed a hellwing
   393 | D        | Killed a kobold demonologist
   393 | D        | Reached skill level 19 in Unarmed Combat
   410 | D        | Noticed a demonic crawler
   410 | D        | Noticed a demonic crawler
   410 | D        | Noticed a demonic crawler
   410 | D        | Noticed a demonic crawler
   416 | D        | Killed a demonic crawler
   418 | D        | Killed a demonic crawler
   421 | D        | Killed a demonic crawler
   421 | D        | Reached skill level 20 in Unarmed Combat
   422 | D        | Slain by a demonic crawler

Skill      XL: |  1  2  3  4  5  6  7  8  9 |
---------------+----------------------------+-----
Unarmed Combat | 6 9 12 16 18 20 | 20.2
Invocations    | 1 2 |  2.5
Fighting       | |  2.4
Dodging        | |  2.4
Stealth        | |  1.0

Action                   |  1- 3 |  4- 6 |  7- 9 || total
-------------------------+-------+-------+-------++-------
Melee: Unarmed           |    17 |    23 |    34 ||    74
       Punch             |       |     2 |     1 ||     3
Invok: Vitalisation      |       |     1 |       ||     1
       Recite            |       |       |     2 ||     2
  Use: Potion            |       |       |     1 ||     1
Armor: Robe              |     3 |     5 |    10 ||    18
Dodge: Dodged            |     9 |    18 |    15 ||    42
